[Event "Titled Tuesday Blitz November 15 Early 2022"]
[White "Cheparinov, Ivan"]
[Black "Fiedorek, Michal"]
[WhiteFideId "2905540"]
[BlackFideId "1199528"]
[WhiteElo "2622"]
[BlackElo "2201"]
[Result "1-0"]
[Round "01"]
[TimeControl "180+1"]
[Date "2022.11.16"]
[WhiteClock "0:00:33"]
[BlackClock "0:00:11"]

1. e4 c5 2. Nf3 Nc6 3. d4 cxd4 4. Nxd4 g6 5. Nc3 Bg7 6. Be3 Nf6 7. Bc4 O-O 8. Bb3 a5 9. O-O a4 10. Nxa4 Nxe4 11. Nb5 Ra6 12. c4 d6 13. Re1 Nf6 14. h3 Be6 15. Qe2 Nd7 16. Rad1 Qc8 17. Rc1 Re8 18. Red1 Nce5 19. Nd4 Nc5 20. Nxe6 Nxe6 21. c5 dxc5 22. Nxc5 Nxc5 23. Rxc5 Rc6 24. Rdc1 Rxc5 25. Rxc5 Qd7 26. Rd5 Qc8 27. Qb5 Nc6 28. Rc5 Qd7 29. Bd5 Rc8 30. a4 e6 31. Bxc6 Rxc6 32. Rxc6 bxc6 33. Qb8+ Bf8 34. Bc5 1-0


[Site "https://www.chess.com"]

[Event "Titled Tuesday Blitz November 15 Early 2022"]
[White "Chong, Kai Ni Agnes"]
[Black "Kleiman, Jake"]
[WhiteFideId "5722071"]
[BlackFideId "2020041"]
[WhiteElo "1762"]
[BlackElo "2606"]
[Result "0-1"]
[Round "01"]
[TimeControl "180+1"]
[Date "2022.11.16"]
[WhiteClock "0:00:10"]
[BlackClock "0:00:49"]

1. d4 Nf6 2. c4 e6 3. g3 Bb4+ 4. Bd2 Bxd2+ 5. Nxd2 O-O 6. Bg2 d6 7. Ngf3 Qe7 8. O-O e5 9. e4 Bg4 10. Qc2 Bxf3 11. Nxf3 c5 12. dxe5 dxe5 13. Nh4 g6 14. f4 exf4 15. e5 Qxe5 16. Bxb7 Nbd7 17. Bxa8 Rxa8 18. gxf4 Qh5 19. Qg2 Re8 20. Nf3 Re4 21. Qg5 Rxc4 22. Rac1 Rxc1 23. Rxc1 Qxf3 24. Rf1 Qe3+ 25. Kg2 Qe2+ 26. Rf2 Qxf2+ 0-1


[Site "https://www.chess.com"]

[Event "Titled Tuesday Blitz November 15 Early 2022"]
[White "Chylewski, Patryk"]
[Black "Fajdetic, Hrvoje"]
[WhiteFideId "1186191"]
[BlackFideId "14501945"]
[WhiteElo "2192"]
[BlackElo "2172"]
[Result "1-0"]
[Round "01"]
[TimeControl "180+1"]
[Date "2022.11.16"]
[WhiteClock "0:00:20"]
[BlackClock "0:00:09"]

1. e4 e6 2. b3 d5 3. Bb2 dxe4 4. Nc3 Nf6 5. Qe2 Be7 6. O-O-O O-O 7. g4 Nd5 8. Nxe4 a5 9. a3 b5 10. Qxb5 Ba6 11. Qa4 Bxf1 12. Rxf1 Nf4 13. Nf3 Qd5 14. Kb1 Na6 15. Qd4 Qxd4 16. Nxd4 Nc5 17. Ng3 Bf6 18. Re1 Rab8 19. Nc6 Ra8 20. Bxf6 gxf6 21. Ne4 Nxe4 22. Rxe4 e5 23. d4 a4 24. b4 Ra6 25. Ne7+ Kh8 26. dxe5 fxe5 27. Rxe5 Ng6 28. Nxg6+ fxg6 29. Rd1 Rxf2 30. Re7 Rf8 31. Rdd7 Rc8 32. Rxc7 Rxc7 33. Rxc7 h5 34. gxh5 gxh5 35. Rc5 Rh6 36. b5 Kg7 37. c4 h4 38. Rc6 Rh8 39. b6 Rb8 40. c5 Kf7 41. Rh6 Rc8 42. b7 1-0


[Site "https://www.chess.com"]

[Event "Titled Tuesday Blitz November 15 Early 2022"]
[White "Ciuffoletti, Paolo"]
[Black "Tristan, Leonardo"]
[WhiteFideId "807630"]
[BlackFideId "113816"]
[WhiteElo "2143"]
[BlackElo "2461"]
[Result "1/2-1/2"]
[Round "01"]
[TimeControl "180+1"]
[Date "2022.11.16"]
[WhiteClock "0:00:03"]
[BlackClock "0:00:57"]

1. e4 d5 2. exd5 Qxd5 3. Nc3 Qa5 4. d4 Nf6 5. Bc4 Bg4 6. f3 Bd7 7. Ne2 e6 8. O-O Be7 9. Ng3 O-O 10. f4 Rd8 11. Qe2 Nc6 12. Be3 Bb4 13. Nce4 Nxe4 14. Nxe4 Bf8 15. f5 exf5 16. Ng5 Be8 17. Qh5 h6 18. Bxf7+ Bxf7 19. Qxf7+ Kh8 20. Rxf5 Qb4 21. Raf1 Qe7 22. Qxe7 Nxe7 23. Nf7+ Kg8 24. Nxd8 Nxf5 25. Rxf5 Rxd8 26. c3 c5 27. dxc5 Rd1+ 28. Rf1 Rd3 29. Bd4 Rd2 30. Rf2 Rd1+ 31. Rf1 Rd2 32. Rf2 Rd3 33. Rf3 Rxf3 34. gxf3 Kf7 35. Kf2 Ke6 36. Ke3 Kd5 37. b4 g5 38. Kd3 Ke6 39. c4 Kf5 40. b5 Kf4 41. c6 bxc6 42. bxc6 Bd6 43. Bxa7 Kxf3 44. Bb6 Bxh2 45. c7 Bxc7 46. Bxc7 g4 47. c5 g3 48. Bxg3 Kxg3 49. c6 h5 50. c7 h4 51. c8=Q h3 52. Qxh3+ Kxh3 53. a4 Kg4 54. a5 Kf5 55. a6 Ke6 56. a7 Kd7 57. a8=Q Kd6 58. Qa5 Kc6 59. Kd4 Kb7 60. Kd5 Kb8 61. Qa6 Kc7 62. Kc5 Kb8 63. Kd6 1/2-1/2


[Site "https://www.chess.com"]

[Event "Titled Tuesday Blitz November 15 Early 2022"]
[White "Copeland, Samuel"]
[Black "Jarmula, Lukasz"]
[WhiteFideId "2007347"]
[BlackFideId "1160664"]
[WhiteElo "2309"]
[BlackElo "2357"]
[Result "0-1"]
[Round "01"]
[TimeControl "180+1"]
[Date "2022.11.16"]
[WhiteClock "0:02:09"]
[BlackClock "0:02:37"]

1. e4 c5 2. Nf3 d6 3. d4 cxd4 4. Nxd4 Nf6 5. Nc3 a6 6. Bg5 Nbd7 7. Bc4 Qb6 8. Bb3 e6 9. Qd2 Be7 10. f4 Nc5 11. Bxf6 Bxf6 12. O-O-O Bd7 13. g4 h6 14. h4 O-O-O 15. g5 hxg5 16. hxg5 Rxh1 17. Rxh1 Bxd4 0-1


[Site "https://www.chess.com"]

[Event "Titled Tuesday Blitz November 15 Early 2022"]
[White "Corrales Jimenez, Fidel"]
[Black "Urbina Perez, Juan Antonio"]
[WhiteFideId "3506690"]
[BlackFideId "2217368"]
[WhiteElo "2541"]
[BlackElo "2197"]
[Result "1-0"]
[Round "01"]
[TimeControl "180+1"]
[Date "2022.11.16"]
[WhiteClock "0:00:10"]
[BlackClock "0:00:59"]

1. e4 c5 2. Nf3 d6 3. d4 cxd4 4. Nxd4 Nf6 5. Nc3 Nc6 6. Bg5 g6 7. Bxf6 exf6 8. Qd2 Bg7 9. Rd1 Nxd4 10. Qxd4 O-O 11. Qxd6 Qa5 12. Bc4 Bg4 13. Rd5 Qd8 14. Qxd8 Rfxd8 15. f3 Bd7 16. Ke2 Bc6 17. Rxd8+ Rxd8 18. Nd5 Bxd5 19. Bxd5 b6 20. Rd1 Kf8 21. c3 Ke7 22. a4 Bh6 23. Kd3 Bf4 24. g3 Bc7 25. Kc4 a6 26. b4 h5 27. Kb3 a5 28. Kc4 g5 29. Kb5 Rd6 30. h3 axb4 31. cxb4 h4 32. g4 Rd8 33. Rc1 Bd6 34. Rc6 Rb8 35. Rc4 Kd7 36. Rc6 Rc8 37. Rxb6 Rc3 38. Rb7+ Bc7 39. a5 Rxf3 40. a6 Ra3 41. a7 Kd6 42. Rxc7 Kxc7 43. a8=Q 1-0


[Site "https://www.chess.com"]

[Event "Titled Tuesday Blitz November 15 Early 2022"]
[White "Csonka, Balazs"]
[Black "Gutkin, Ilya"]
[WhiteFideId "742910"]
[BlackFideId "16203470"]
[WhiteElo "2404"]
[BlackElo "2265"]
[Result "1-0"]
[Round "01"]
[TimeControl "180+1"]
[Date "2022.11.16"]
[WhiteClock "0:00:29"]
[BlackClock "0:00:15"]

1. e4 e6 2. d4 d5 3. Nd2 c5 4. Ngf3 a6 5. c3 cxd4 6. Nxd4 e5 7. N4f3 dxe4 8. Nxe5 Nf6 9. Bc4 Be6 10. Bxe6 fxe6 11. Qb3 Qd5 12. Ndc4 Bc5 13. Bf4 Nh5 14. Rd1 Nxf4 15. Rxd5 exd5 16. Nb6 O-O 17. Nxa8 Nxg2+ 18. Kd1 Rxf2 19. Qxd5+ Kh8 20. Qxc5 1-0


[Site "https://www.chess.com"]

[Event "Titled Tuesday Blitz November 15 Early 2022"]
[White "Dehtiarov, Roman"]
[Black "Todorovic, Bojan"]
[WhiteFideId "14186640"]
[BlackFideId "917087"]
[WhiteElo "2200"]
[BlackElo "2266"]
[Result "0-1"]
[Round "01"]
[TimeControl "180+1"]
[Date "2022.11.16"]
[WhiteClock "0:00:17"]
[BlackClock "0:00:15"]

1. e4 c5 2. Nc3 a6 3. f4 b5 4. Nf3 Bb7 5. d3 e6 6. g3 Nf6 7. Bg2 d5 8. e5 Nfd7 9. O-O Be7 10. d4 Nc6 11. Be3 O-O 12. Ne2 f5 13. exf6 Nxf6 14. Ng5 Qd6 15. dxc5 Qd7 16. Bh3 Nd8 17. Nd4 Bxc5 18. Qe2 Re8 19. Rfe1 Qd6 20. Ngxe6 Nxe6 21. Bxe6+ Kh8 22. f5 Ne4 23. c3 Bc8 24. Qg4 Nf6 25. Bf4 Qb6 26. Qd1 Bxe6 27. fxe6 Rxe6 28. Rxe6 Qxe6 29. Qd3 Ne4 30. Re1 Rf8 31. Kg2 Qf6 32. Nf3 Rd8 33. Be5 Qe7 34. Bd4 Bd6 35. Be3 h6 36. Bd2 Qf7 37. Be3 Rf8 38. Bd4 Bc5 39. Qe3 Bxd4 40. cxd4 Rc8 41. Rc1 Qd7 42. Ne5 Qf5 43. Rxc8+ Qxc8 44. Qf4 Qc2+ 45. Kh3 Nf2+ 46. Kg2 Ng4+ 47. Kh3 Nf2+ 48. Kg2 Nd3+ 49. Kf3 Nxf4 50. Kxf4 Qxb2 51. Kf5 Qxd4 52. Ke6 Qa4 53. Kxd5 Qxa2+ 54. Ke4 Qe6 55. Kf4 Qxe5+ 56. Kxe5 b4 57. Kd4 a5 58. Kd3 Kh7 59. h4 Kg6 60. g4 Kf6 61. Ke4 b3 62. Kd3 a4 63. Kc3 Ke5 64. Kd3 Kf4 65. g5 hxg5 66. hxg5 Kxg5 67. Kc3 Kf5 68. Kb2 g5 69. Ka3 g4 70. Kb2 g3 71. Ka3 g2 72. Kb2 g1=Q 73. Ka3 b2 74. Kb4 b1=Q+ 75. Ka5 Qa7# 0-1


[Site "https://www.chess.com"]

[Event "Titled Tuesday Blitz November 15 Early 2022"]
[White "Demin, Vladimir"]
[Black "Dias, Joao Batista"]
[WhiteFideId "4167457"]
[BlackFideId "2108240"]
[WhiteElo "2551"]
[BlackElo "1898"]
[Result "1-0"]
[Round "01"]
[TimeControl "180+1"]
[Date "2022.11.16"]
[WhiteClock "0:00:39"]
[BlackClock "0:01:07"]

1. d4 d5 2. Nc3 Nf6 3. Bf4 e6 4. e3 Bd6 5. Qf3 Bxf4 6. Qxf4 a6 7. O-O-O Nbd7 8. g4 b5 9. g5 Nh5 10. Qf3 g6 11. e4 c6 12. h4 O-O 13. e5 c5 14. Qe3 cxd4 15. Rxd4 Bb7 16. Be2 Ng7 17. Bg4 Rc8 18. Nge2 Qc7 19. f4 a5 20. h5 b4 21. hxg6 hxg6 22. Qh3 f5 23. gxf6 Nxf6 24. Bxe6+ Nxe6 25. Qh8+ Kf7 26. Qxf6+ Ke8 27. Qxe6+ Qe7 28. Qxe7+ Kxe7 29. Nxd5+ Bxd5 30. Rxd5 a4 31. Rd6 Rf7 32. Nd4 b3 33. axb3 axb3 34. Nxb3 Rc4 35. Nd4 Rxf4 36. Rh7+ Rf7 37. Rxf7+ Kxf7 38. b3 Rc5 39. Rf6+ Kg7 40. Ne6+ 1-0


[Site "https://www.chess.com"]

[Event "Titled Tuesday Blitz November 15 Early 2022"]
[White "Devaev, Alexander"]
[Black "Rakhmanov, Aleksandr"]
[WhiteFideId "4169395"]
[BlackFideId "4173708"]
[WhiteElo "2225"]
[BlackElo "2530"]
[Result "0-1"]
[Round "01"]
[TimeControl "180+1"]
[Date "2022.11.16"]
[WhiteClock "0:00:06"]
[BlackClock "0:00:10"]

1. d4 Nf6 2. c4 d6 3. Nc3 e5 4. d5 Bf5 5. g3 Ne4 6. Nb1 Nc5 7. Bg2 a5 8. Nc3 e4 9. Be3 Nbd7 10. Qd2 Be7 11. h3 O-O 12. h4 Re8 13. Bh3 Bxh3 14. Nxh3 Ne5 15. b3 Bf6 16. Rb1 Ng4 17. Nf4 Nxe3 18. Qxe3 Nd3+ 19. exd3 Bxc3+ 20. Kf1 exd3 21. Qxd3 Qf6 22. Kg2 Be5 23. Ne2 a4 24. b4 a3 25. Rb3 Bb2 26. Nf4 Re7 27. Qf3 Rae8 28. Rd1 g6 29. Rdd3 Re1 30. Re3 Qd4 31. Rxe8+ Rxe8 32. Qd3 Re4 33. Qxd4 Rxd4 34. c5 Rd2 35. Nd3 Rc2 36. c6 b5 37. Kf3 Kg7 38. g4 h6 39. Ke3 Kf6 40. f4 g5 41. fxg5+ hxg5 42. h5 Kg7 43. Ke4 Kf6 44. Kf3 Rh2 45. Nf2 Bd4 46. Ne4+ Ke5 47. Kg3 Rb2 48. Rxb2 axb2 49. Nd2 Bc3 50. Nb1 Bxb4 51. a3 Bc5 52. h6 Bd4 53. Kf3 Kxd5 54. h7 Bh8 55. Ke3 Kc4 56. Kd2 Kb3 57. Kd3 Ka2 58. Nd2 b1=Q+ 59. Nxb1 Kxb1 60. Ke4 Ka2 61. Kf5 Kxa3 0-1


[Site "https://www.chess.com"]

[Event "Titled Tuesday Blitz November 15 Early 2022"]
[White "Di Nicolantonio, Lucas"]
[Black "Alfaro, William"]
[WhiteFideId "680460"]
[BlackFideId "6100457"]
[WhiteElo "2358"]
[BlackElo "2096"]
[Result "1-0"]
[Round "01"]
[TimeControl "180+1"]
[Date "2022.11.16"]
[WhiteClock "0:01:00"]
[BlackClock "0:02:11"]

1. d4 Nf6 2. Bg5 g6 3. Bxf6 exf6 4. e3 Bg7 5. g3 f5 6. Bg2 O-O 7. Ne2 c5 8. O-O d6 9. Nbc3 Nc6 10. dxc5 dxc5 11. Qxd8 Nxd8 12. Rfd1 Be6 13. Nf4 Rb8 14. Nxe6 Nxe6 15. Rd7 Rfd8 16. Rad1 Rxd7 17. Rxd7 Rd8 18. Rxb7 Rd2 19. Rb8+ Bf8 20. Bd5 Rxc2 21. Rb7 Bg7 22. a4 Bxc3 23. bxc3 Rxc3 24. Rxa7 Rc1+ 25. Kg2 Rd1 26. Rd7 Ra1 27. Ra7 Rd1 28. Bc6 c4 29. Be8 Nd8 30. Rc7 Kf8 31. Bb5 Ne6 32. Rxc4 h5 33. a5 Ra1 34. Ra4 Ke7 35. Rxa1 1-0


[Site "https://www.chess.com"]

[Event "Titled Tuesday Blitz November 15 Early 2022"]
[White "Diaz Rosas, Julio Cesar"]
[Black "Pultinevicius, Paulius"]
[WhiteFideId "5105099"]
[BlackFideId "12809390"]
[WhiteElo "2246"]
[BlackElo "2493"]
[Result "0-1"]
[Round "01"]
[TimeControl "180+1"]
[Date "2022.11.16"]
[WhiteClock "0:00:10"]
[BlackClock "0:00:06"]

1. e4 c6 2. d4 d5 3. e5 c5 4. dxc5 Nc6 5. f4 Nh6 6. Nf3 Bg4 7. Be3 e6 8. Bb5 Qa5+ 9. Nc3 Rc8 10. O-O Nf5 11. Bf2 Qb4 12. a3 Qxf4 13. Be2 Ne3 14. Qc1 Bxc5 15. Re1 Qh6 16. Bb5 Bxf3 17. Bxe3 Bxe3+ 18. Rxe3 Bg4 19. Rg3 Bf5 20. Qe1 O-O 21. Bd3 Bxd3 22. cxd3 Qf4 23. Re3 Nd4 24. Rc1 Rc6 25. Kh1 Rfc8 26. Rg3 Nf5 27. Rf3 Qg5 28. Rd1 h5 29. Qf2 g6 30. Rf1 a6 31. Rf4 h4 32. Qf3 Qh6 33. Qh3 Kg7 34. Qf3 R8c7 35. Rg4 Ng3+ 36. Kg1 Nxf1 37. Qf6+ Kg8 38. Qd8+ Qf8 39. Qg5 Rxc3 40. bxc3 Rxc3 41. Kxf1 Rc8 42. Rxh4 Qxa3 43. Rd4 Qa1+ 44. Kf2 Qxd4+ 45. Kg3 Qxd3+ 46. Kh4 Qf5 47. Qe7 Qh5+ 48. Kg3 Qxe5+ 49. Kh3 Qc7 50. Qf6 Qc3+ 0-1


[Site "https://www.chess.com"]

[Event "Titled Tuesday Blitz November 15 Early 2022"]
[White "Dudzinski, Pawel"]
[Black "Milikow, Yoav"]
[WhiteFideId "1117890"]
[BlackFideId "2822237"]
[WhiteElo "2086"]
[BlackElo "2341"]
[Result "0-1"]
[Round "01"]
[TimeControl "180+1"]
[Date "2022.11.16"]
[WhiteClock "0:00:17"]
[BlackClock "0:00:27"]

1. e4 e5 2. Nc3 Nf6 3. g3 d5 4. exd5 c6 5. dxc6 Nxc6 6. Bg2 Bc5 7. Nge2 Bf5 8. d3 Qd7 9. h3 h6 10. Be3 Nd4 11. Ne4 Bxe4 12. dxe4 Qc6 13. Nxd4 exd4 14. Bxd4 Rd8 15. c3 O-O 16. O-O Bxd4 17. cxd4 Qb6 18. e5 Rxd4 19. Qe2 Re8 20. Kh2 Qa5 21. f4 Nd5 22. Rfd1 Rxd1 23. Rxd1 Nc7 24. a3 Qb6 25. Rd6 Qxd6 26. exd6 Rxe2 27. dxc7 Rc2 28. g4 Rxc7 29. b3 b6 30. a4 Rc2 31. Kg3 Rc3+ 32. Kh4 Rxb3 33. g5 hxg5+ 34. fxg5 Rb4+ 35. Kh5 g6+ 36. Kh6 Rh4# 0-1


[Site "https://www.chess.com"]

[Event "Titled Tuesday Blitz November 15 Early 2022"]
[White "Fabris, Alberto"]
[Black "Garv Gaur"]
[WhiteFideId "801348"]
[BlackFideId "45030839"]
[WhiteElo "2025"]
[BlackElo "1960"]
[Result "0-1"]
[Round "01"]
[TimeControl "180+1"]
[Date "2022.11.16"]
[WhiteClock "0:00:01"]
[BlackClock "0:00:08"]

1. d4 Nf6 2. Nf3 e6 3. Bf4 d5 4. e3 c5 5. c3 Nc6 6. Bd3 Bd6 7. Bxd6 Qxd6 8. O-O O-O 9. Nbd2 e5 10. dxe5 Nxe5 11. Nxe5 Qxe5 12. Nf3 Qe7 13. Qc2 Bg4 14. Be2 Rfd8 15. Rad1 Rac8 16. h3 Bh5 17. Nh2 Bg6 18. Bd3 Ne4 19. Nf3 c4 20. Bxe4 Bxe4 21. Qe2 Bd3 22. Rxd3 cxd3 23. Qxd3 Qe4 24. Rd1 Qxd3 25. Rxd3 Kf8 26. Kf1 Ke7 27. Ke2 a6 28. Nd4 g6 29. Rd1 Rd6 30. Kd3 Rb6 31. Rd2 a5 32. Re2 a4 33. f3 Kf8 34. Rc2 a3 35. b3 Re8 36. Re2 Ra6 37. Nb5 Re7 38. Nd4 Kg7 39. Nb5 f5 40. Nd4 Kf6 41. f4 Re4 42. Nf3 Re7 43. Nd4 Ra8 44. Nb5 h6 45. Nd4 Rc7 46. Nb5 Rc5 47. Nd4 Rac8 48. Rc2 b5 49. b4 R5c7 50. Nxb5 Re7 51. Nxa3 Rce8 52. Re2 g5 53. g3 gxf4 54. gxf4 Rg7 55. Nb5 Rg3 56. Nc7 Rd8 57. a4 Rxh3 58. a5 Rd7 59. Nb5 Rh1 60. Ra2 Rb7 61. Nd4 Rb1 62. a6 Ra7 63. b5 h5 64. Nf3 Ke6 65. Kd4 Kd6 66. Kd3 Ra8 67. Nd4 h4 68. Nxf5+ Kc5 69. Nxh4 Kxb5 70. a7 Kc5 71. Nf5 Rb7 72. Nd4 Raxa7 73. Rxa7 Rxa7 74. f5 Rf7 75. Ke2 Kd6 76. Kf3 Ke5 77. Kg4 Rg7+ 78. Kh5 Rg3 79. Kh6 Rxe3 80. Kg7 Rg3+ 81. Kf7 Rxc3 0-1


[Site "https://www.chess.com"]

[Event "Titled Tuesday Blitz November 15 Early 2022"]
[White "Fecker, Noah"]
[Black "Martinez Alcantara, Jose Eduardo"]
[WhiteFideId "1334263"]
[BlackFideId "3805662"]
[WhiteElo "2291"]
[BlackElo "2705"]
[Result "0-1"]
[Round "01"]
[TimeControl "180+1"]
[Date "2022.11.15"]
[WhiteClock "0:00:14"]
[BlackClock "0:00:06"]

1. e4 c5 2. Nf3 d6 3. d4 cxd4 4. Nxd4 Nf6 5. Nc3 Nc6 6. Bg5 e6 7. Bb5 Bd7 8. Qd2 h6 9. Bxf6 Qxf6 10. Nxc6 bxc6 11. Bc4 g5 12. O-O-O Be7 13. Kb1 Rb8 14. Bb3 Qf4 15. Qd4 O-O 16. g3 Qf3 17. Qxa7 Rfd8 18. Rhe1 c5 19. Qa6 Qxf2 20. Rf1 Qxh2 21. Qd3 Qh5 22. e5 Bc6 23. exd6 Rxd6 24. Qe3 Rbd8 25. Rxd6 Rxd6 26. a3 Qg6 27. Bc4 Qg7 28. Ka2 Qd4 29. Qe2 Bf6 30. Rd1 Qe5 31. Rxd6 Qxd6 32. Ne4 Qe5 33. Nxf6+ Qxf6 34. b4 cxb4 35. axb4 Qd4 36. b5 Bb7 37. Kb3 Kg7 38. c3 Qc5 39. Bd3 Bd5+ 40. c4 Qxb5+ 41. Kc3 Qa5+ 42. Kd4 Qa7+ 43. Kc3 Qa1+ 44. Kb4 Bc6 45. Kc5 Ba8 46. Kd6 Qa6+ 47. Ke5 Qa5+ 48. Kd4 Kf6 49. c5 Qd8+ 50. Kc3 Bd5 51. Qf2+ Ke7 52. Qb2 Qa5+ 53. Kd4 Qd8 54. Qb6 Qxb6 55. cxb6 Kd6 56. Bb5 e5+ 57. Kd3 Bb7 58. Be8 f5 59. Ke3 f4+ 60. gxf4 exf4+ 0-1


[Site "https://www.chess.com"]

[Event "Titled Tuesday Blitz November 15 Early 2022"]
[White "Fedoseev, Vladimir"]
[Black "Bilan, Danila"]
[WhiteFideId "24130737"]
[BlackFideId "24161918"]
[WhiteElo "2726"]
[BlackElo "2173"]
[Result "1-0"]
[Round "01"]
[TimeControl "180+1"]
[Date "2022.11.15"]
[WhiteClock "0:01:42"]
[BlackClock "0:00:04"]

1. e4 c6 2. Nf3 d5 3. Nc3 Bg4 4. h3 Bxf3 5. Qxf3 e6 6. d4 dxe4 7. Qxe4 Nf6 8. Qd3 Bd6 9. Be2 Qc7 10. O-O Nbd7 11. a4 a5 12. Nd1 O-O 13. Ne3 Nd5 14. Bf3 Rad8 15. c3 Nf4 16. Qc2 Ng6 17. g3 e5 18. d5 Nf6 19. dxc6 bxc6 20. Nf5 Bc5 21. Bg5 Qd7 22. Bxf6 gxf6 23. Rad1 Qe6 24. Bg4 Qc4 25. b3 Qa6 26. h4 Rfe8 27. h5 Nf8 28. Bf3 Ne6 29. Nh6+ Kg7 30. Nxf7 Kxf7 31. Qxh7+ Ng7 32. h6 Rg8 33. Rxd8 1-0


[Site "https://www.chess.com"]

[Event "Titled Tuesday Blitz November 15 Early 2022"]
[White "Fernandez De La Vara, Arnaldo"]
[Black "Mrudul Dehankar"]
[WhiteFideId "3518388"]
[BlackFideId "25096990"]
[WhiteElo "2387"]
[BlackElo "2068"]
[Result "1-0"]
[Round "01"]
[TimeControl "180+1"]
[Date "2022.11.16"]
[WhiteClock "0:00:24"]
[BlackClock "0:00:01"]

1. Nf3 Nf6 2. g3 b5 3. Bg2 Bb7 4. O-O e6 5. b3 Be7 6. Bb2 O-O 7. d4 d6 8. Nbd2 Nbd7 9. c4 a6 10. Qc2 c5 11. dxc5 Nxc5 12. Ng5 e5 13. Bxb7 Nxb7 14. Rad1 Rc8 15. Qb1 Qb6 16. cxb5 axb5 17. Nge4 d5 18. Nxf6+ Bxf6 19. Nf3 Qe6 20. e4 d4 21. Ne1 Nc5 22. f3 Qb6 23. Nd3 Rfd8 24. Nb4 Bg5 25. Nd5 Qh6 26. Kg2 Ne6 27. Qd3 b4 28. h4 Bf6 29. Rc1 Nc5 30. Qb5 Qd2+ 31. Rf2 Qd3 32. Rxc5 Qxb5 33. Rxb5 1-0


[Site "https://www.chess.com"]

[Event "Titled Tuesday Blitz November 15 Early 2022"]
[White "Fernandez Guillen, Ernesto J."]
[Black "Zacurdajev, Dmitry"]
[WhiteFideId "3512428"]
[BlackFideId "4196309"]
[WhiteElo "2450"]
[BlackElo "2179"]
[Result "1-0"]
[Round "01"]
[TimeControl "180+1"]
[Date "2022.11.16"]
[WhiteClock "0:01:25"]
[BlackClock "0:00:06"]

1. e4 c6 2. d4 d5 3. e5 c5 4. dxc5 Nc6 5. a3 Nxe5 6. b4 e6 7. Bb2 Nc6 8. Nf3 Nf6 9. c4 Be7 10. Nbd2 O-O 11. Be2 a5 12. Qb3 axb4 13. axb4 Rxa1+ 14. Bxa1 d4 15. O-O e5 16. Bd3 Bg4 17. Re1 Qc7 18. Qb1 Ra8 19. b5 Nd8 20. Nxe5 Bxc5 21. Nxg4 1-0


[Site "https://www.chess.com"]

[Event "Titled Tuesday Blitz November 15 Early 2022"]
[White "Fieberg, Samuel"]
[Black "Abdusattorov, Nodirbek"]
[WhiteFideId "12901717"]
[BlackFideId "14204118"]
[WhiteElo "2505"]
[BlackElo "2665"]
[Result "0-1"]
[Round "01"]
[TimeControl "180+1"]
[Date "2022.11.15"]
[WhiteClock "0:00:17"]
[BlackClock "0:01:15"]

1. d4 Nf6 2. Nf3 d5 3. g3 Bf5 4. Bg2 e6 5. O-O c6 6. c3 Nbd7 7. Re1 h6 8. Bf4 Be7 9. Nbd2 O-O 10. Ne5 a5 11. a4 Nxe5 12. Bxe5 Ng4 13. e4 dxe4 14. Bxe4 Nxe5 15. Bxf5 Nd7 16. Be4 Nf6 17. Bg2 Qc7 18. Qb3 Rfd8 19. Nc4 Nd5 20. Bxd5 cxd5 21. Ne5 Rab8 22. Qb5 Bd6 23. Nd3 b6 24. Kg2 g6 25. h4 h5 26. Re2 Rdc8 27. Rae1 Qc6 28. Ra1 Qc4 29. Re3 Qc7 30. Re2 Bf8 31. Ne5 Bg7 32. Nd3 Qc6 33. Re3 Ra8 34. Ree1 Bf8 35. Qxc6 Rxc6 36. Ne5 Rc7 37. Rec1 Bd6 38. Nd3 Rb8 39. Ra2 Kg7 40. Kf3 f6 41. Kg2 Kf7 42. b3 Rbc8 43. Rac2 Ba3 44. Ra1 Rxc3 45. Rd2 Rxb3 46. Nf4 Bd6 47. Ne2 Rc4 48. Rda2 e5 49. dxe5 fxe5 50. Rd1 d4 51. f4 Ke6 52. f5+ gxf5 53. Re1 Kd5 54. Rd2 Bb4 0-1


[Site "https://www.chess.com"]

[Event "Titled Tuesday Blitz November 15 Early 2022"]
[White "Fiol, Fabrice"]
[Black "Mahdavi, Reza"]
[WhiteFideId "611670"]
[BlackFideId "12595926"]
[WhiteElo "2417"]
[BlackElo "2240"]
[Result "0-1"]
[Round "01"]
[TimeControl "180+1"]
[Date "2022.11.16"]
[WhiteClock "0:00:19"]
[BlackClock "0:00:33"]

1. e4 c5 2. Nf3 e6 3. d3 Nc6 4. Nbd2 g6 5. g3 Bg7 6. Bg2 Nge7 7. O-O d5 8. Re1 Qc7 9. c3 O-O 10. Qe2 h6 11. h4 b5 12. Nf1 Bb7 13. e5 d4 14. N1h2 h5 15. Bg5 Rad8 16. g4 hxg4 17. Nxg4 Nf5 18. Nf6+ Bxf6 19. Bxf6 dxc3 20. bxc3 Nce7 21. h5 Nd5 22. Bxd8 Qxd8 23. Qd2 Kg7 24. hxg6 fxg6 25. Qg5 Nde7 26. c4 Bxf3 27. Bxf3 Qxd3 28. Bg2 Qxc4 29. Rad1 Rf7 30. Rd7 Qc3 31. Red1 Qxe5 32. Rxa7 c4 33. Rdd7 Qa1+ 34. Bf1 Qf6 35. Qxf6+ Kxf6 36. Rab7 Rf8 37. Rxb5 Rc8 38. Bh3 Nd5 39. Bxf5 gxf5 40. Rd6 Ke5 41. Ra6 c3 42. Rb1 c2 43. Re1+ Kd4 44. Raxe6 c1=Q 45. Rxc1 Rxc1+ 46. Kg2 Nf4+ 47. Kf3 Nxe6 48. Ke2 Rc2+ 0-1


[Site "https://www.chess.com"]

[Event "Titled Tuesday Blitz November 15 Early 2022"]
[White "Firouzja, Alireza"]
[Black "Pajeken, Jakob Leon"]
[WhiteFideId "12573981"]
[BlackFideId "12942839"]
[WhiteElo "2903"]
[BlackElo "2429"]
[Result "1-0"]
[Round "01"]
[TimeControl "180+1"]
[Date "2022.11.15"]
[WhiteClock "0:02:07"]
[BlackClock "0:01:44"]

1. e4 e5 2. Nf3 Nc6 3. Bb5 a6 4. Ba4 Nf6 5. O-O Be7 6. Re1 b5 7. Bb3 d6 8. c3 O-O 9. h3 Na5 10. Bc2 c5 11. d4 Qc7 12. d5 Nd7 13. Nbd2 Nb6 14. b3 c4 15. b4 Nb7 16. a4 bxa4 17. Bxa4 Nxa4 18. Qxa4 Bd7 19. Qa2 Rfc8 20. Ba3 a5 21. Qb2 f6 22. bxa5 Nxa5 23. Bb4 Nb7 24. Rxa8 Rxa8 25. Ra1 Rb8 26. Ra7 Bb5 27. Bxd6 Qxd6 28. Qxb5 Nc5 29. Qxc4 f5 30. Rxe7 fxe4 31. Nxe4 Nxe4 32. Re6 1-0


[Site "https://www.chess.com"]

[Event "Titled Tuesday Blitz November 15 Early 2022"]
[White "Flis, Pawel"]
[Black "Manelyuk, Daniil"]
[WhiteFideId "1112864"]
[BlackFideId "44173920"]
[WhiteElo "1817"]
[BlackElo "2209"]
[Result "0-1"]
[Round "01"]
[TimeControl "180+1"]
[Date "2022.11.16"]
[WhiteClock "0:00:01"]
[BlackClock "0:00:03"]

1. e4 e6 2. d4 d5 3. Nd2 Be7 4. Ngf3 Nf6 5. e5 Nfd7 6. Bd3 c5 7. c3 Nc6 8. O-O g5 9. dxc5 g4 10. Nd4 Ndxe5 11. N2b3 h5 12. Bf4 Bd7 13. Nxc6 Nxc6 14. Re1 Rc8 15. Bb5 a6 16. Bxc6 Bxc6 17. Be5 Rg8 18. Qd4 f6 19. Bg3 e5 20. Bxe5 fxe5 21. Qxe5 Qd7 22. Qxh5+ Kd8 23. Nd4 Qe8 24. Qe5 Qf7 25. b4 Rg5 26. Ne6+ Kd7 27. Nxg5 Bxg5 28. Qxg5 Rf8 29. Qxg4+ Kd8 30. Qh4+ Kc8 31. Re7 Qf5 32. Rae1 Kb8 33. f3 Ka7 34. Qg4 Qc2 35. Qd4 Rg8 36. Qf2 Qxc3 37. a4 Qxb4 38. a5 Qxa5 39. h4 Qb4 40. h5 Rh8 41. R7e5 d4 42. Rd1 Rd8 43. h6 d3 44. h7 Qb3 0-1


[Site "https://www.chess.com"]

[Event "Titled Tuesday Blitz November 15 Early 2022"]
[White "Forgacs, Attila Jr."]
[Black "Santos Ruiz, Miguel"]
[WhiteFideId "773654"]
[BlackFideId "22291482"]
[WhiteElo "2168"]
[BlackElo "2503"]
[Result "0-1"]
[Round "01"]
[TimeControl "180+1"]
[Date "2022.11.16"]
[WhiteClock "0:00:44"]
[BlackClock "0:01:28"]

1. e4 c5 2. d3 d6 3. g3 g6 4. Bg2 Bg7 5. f4 Nc6 6. Nf3 Nf6 7. Nc3 O-O 8. O-O Rb8 9. a4 a6 10. Be3 b5 11. axb5 axb5 12. Qd2 b4 13. Ne2 Ng4 14. Rab1 Bd7 15. Kh1 Nxe3 16. Qxe3 Qb6 17. f5 Ra8 18. fxg6 hxg6 19. b3 Ra2 20. Rbc1 Bb2 21. Rcd1 Kg7 22. Nh4 Bf6 23. Rxf6 exf6 24. Nf4 Ne7 25. Rf1 Qa5 26. Nf5+ Nxf5 27. exf5 Re8 28. Qf3 Ra1 29. Qg4 Rxf1+ 30. Bxf1 Qa1 31. Kg1 Bxf5 32. Nh5+ Kg8 33. Nxf6+ Qxf6 0-1


[Site "https://www.chess.com"]